 Dungeon Crawl Stone Soup version 0.21.1-1-g345015fe64 (webtiles) character file.

241 Oravi the Insei (level 6, -4/43 HPs)
             Began as a Merfolk Transmuter on Apr 27, 2018.
             Killed from afar by an orc wizard (5 damage)
             ... with a magic dart
             ... on level 3 of the Dungeon.
             The game lasted 00:09:08 (2143 turns).

Oravi the Insei (Merfolk Transmuter)                Turns: 2143, Time: 00:09:09

Health: -4/43      AC:  2    Str: 10    XL:     6   Next: 8%
Magic:  6/9        EV: 22    Int: 15    God:
Gold:   169        SH:  0    Dex: 19    Spells: 3/9 levels left

rFire    . . .     SeeInvis .     - Unarmed
rCold    . . .     Gourm    .   (shield currently unavailable)
rNeg     . . .     Faith    .   (armour currently unavailable)
rPois    x         Spirit   .   (helmet currently unavailable)
rElec    .         Reflect  .   (cloak currently unavailable)
rCorr    .         Harm     .   (gloves currently unavailable)
MR       .....                  (boots currently unavailable)
Stlth    ++........             (no amulet)
HPRegen  0.14/turn              (no ring)
MPRegen  0.11/turn              (no ring)

@: spider-form (expiring)
A: tiny, (change form in water), (swift swim), (stealthy swim)
a: End Transformation


You were on level 3 of the Dungeon.
You were not hungry.
You were a venomous arachnid creature.
You visited 1 branch of the dungeon, and saw 3 of its levels.

You collected 169 gold pieces.

Inventory:

Missiles
 a - 46 arrows
 e - 75 stones (quivered)
Armour
 b - a +0 robe (melded)
Scrolls
 f - 2 scrolls of enchant armour {unknown}
 h - a scroll of amnesia {unknown}
 i - 2 scrolls of identify {unknown}
 k - a scroll of teleportation {unknown}
 l - 2 scrolls of noise {unknown}
Potions
 g - 2 potions of curing {unknown}
Books
 c - a book of Changes

   Spells                             Type                      Level
   a - Beastly Appendage              Transmutation                1
   b - Sticks to Snakes               Transmutation                2
   c - Spider Form                    Transmutation/Poison         3
   d - Ice Form                       Ice/Transmutation            4
   e - Blade Hands                    Transmutation                5
Comestibles
 d - 4 rations
 j - 5 chunks of flesh


   Skills:
 + Level 1.2 Fighting
 + Level 4.0 Dodging
 + Level 5.2 Unarmed Combat
 - Level 2.0 Spellcasting
 * Level 4.9 Transmutations
 * Level 2.1 Poison Magic


You had 3 spell levels left.
You knew the following spells:

 Your Spells              Type           Power        Failure   Level  Hunger
a - Beastly Appendage     Tmut           ###...       10%         1    #......
b - Sticks to Snakes      Tmut           ###.....     13%         2    ###....
c - Spider Form           Tmut/Pois      ##........   34%         3    ###....


Dungeon Overview and Level Annotations

Branches:
Dungeon (3/15)

Altars:
Hepliaklqana


Message History

Your +0 robe unmelds from your body.
Something hits you.
You hit something but do no damage. Something hits you. x2
Casting: Spider Form
Confirm with . or Enter, or press ? or * to list all spells.
You turn into a venomous arachnid creature.
Your +0 robe melds into your body.
You hear some strange, mumbled words.
A puff of frost appears from out of thin air!
The puff of frost hits you!
You closely miss something. Something hits you.
* * * LOW HITPOINT WARNING * * *
Something hits you but does no damage.
Your transformation is almost over.
You hear some strange, mumbled words.
A puff of flame appears from out of thin air!
The puff of flame hits you!
* * * LOW HITPOINT WARNING * * *
A magic dart appears from out of thin air!
The magic dart hits you!
You die...

#.# #.## ####.###.
###....##........
#................ #.#
###.##.# #.# #......####
#.# ##.###..#...
#.########.####..# #......
#.....{..s.......###......
####..####.#####..........
#. #.# ######.#... # #..
...##.# #### ######.# #.#
#.# #.#


There were no monsters in sight!

Vanquished Creatures
  Sigmund (D:2)
  An adder (D:2)
  An ooze (D:1)
  A worm (D:2)
  A dart slug (D:1)
  2 leopard geckos (D:2)
  4 orcs (D:3)
  A ball python (D:1)
  6 bats
  2 giant cockroaches
  5 goblins
  6 hobgoblins
  A jackal (D:3)
  3 kobolds
  2 quokkas (D:2)
  2 frilled lizards
  10 rats
49 creatures vanquished.

Notes
Turn   | Place    | Note
-------+----------+-------------------------------------------
     0 | D:1      | Oravi the Merfolk Transmuter began the quest for the Orb.
     0 | D:1      | Reached XP level 1. HP: 15/15 MP: 3/3
   232 | D:1      | Reached XP level 2. HP: 21/21 MP: 3/5
   625 | D:1      | Reached XP level 3. HP: 25/26 MP: 4/6
   629 | D:1      | Learned a level 2 spell: Sticks to Snakes
   633 | D:1      | Learned a level 3 spell: Spider Form
   957 | D:2      | Found a hazy altar of Hepliaklqana.
   971 | D:2      | Reached skill level 4 in Unarmed Combat
  1083 | D:2      | Noticed Sigmund
  1096 | D:2      | Killed Sigmund
  1096 | D:2      | Reached skill level 5 in Unarmed Combat
  1096 | D:2      | Reached skill level 1 in Poison Magic
  1096 | D:2      | Reached XP level 4. HP: 32/32 MP: 4/7
  1096 | D:2      | Reached XP level 5. HP: 37/37 MP: 4/8
  1464 | D:2      | Reached XP level 6. HP: 43/43 MP: 4/9
  2142 | D:3      | HP: 1/43 [something/puff of flame (10)]
  2143 | D:3      | Killed from afar by an orc wizard

Skill      XL: |  1  2  3  4  5 |
---------------+----------------+-----
Transmutations | 3 4 |  4.9
Dodging        | 3 4 |  4.0
Unarmed Combat | 5 |  5.2
Poison Magic   | 1 2 |  2.1
Fighting       | |  1.2
Spellcasting   | |  2.0

Action                   |  1- 3 |  4- 6 || total
-------------------------+-------+-------++-------
Melee: Unarmed           |    61 |    66 ||   127
       Headbutt          |     7 |       ||     7
Throw: Stone             |    43 |    16 ||    59
 Cast: Beastly Appendage |    13 |     1 ||    14
       Spider Form       |     1 |    16 ||    17
 Stab: Sleeping          |     1 |     3 ||     4
  Eat: Chunk             |     1 |     5 ||     6
Armor: Robe              |    10 |     1 ||    11
       Skin              |     1 |     5 ||     6
Dodge: Dodged            |    45 |    35 ||    80
